[ AOE2 MATCH · #506003924 ]
UnrankedTupi vs Khmer
Player's team · LOSS
Rival team · WIN
[ REPLAY ANALYSIS · EXTRACTED FROM THE RECORDED GAME ]
Feudal
9:14
Castle
19:44
Imperial
—
| APM avg | 42.1 |
| APM peak | 73 |
| eAPM avg | 21.3 |
| Villagers / military | 81 / 52 |
Focus
⚔️ 29.6% · 🌾 70.4%
Spearman ×30 · Skirmisher ×14 · Archer ×6 · Unknown (2550) ×3 · Mangonel ×2
Feudal
9:17
Castle
28:00
Imperial
—
| APM avg | 48.6 |
| APM peak | 85 |
| eAPM avg | 21.6 |
| Villagers / military | 85 / 84 |
Focus
⚔️ 33.1% · 🌾 66.9%
Scout Cavalry ×55 · Archer ×16 · Knight ×10 · Monk ×2 · Battering Ram ×1
Match map
Initial resources + every placement click. Lines = walls · curves = elevation contours. ◆ gold · ⬟ stone · ● berries · ✦ relic · ◌ wall gap
Your base· Open — 3t gap
-Gore-'s base· Open — 4t gap
Smoothed initial terrain · ◌ = detected wall gap · hover for details
Inputs per minute
— [DCNC] Brunin - - -Gore-
Build order — [DCNC] Brunin
First 150 of 236 actions detected
| 0:00 | Queue | Villager (Male) |
| 0:01 | Queue | Villager (Male) |
| 0:01 | Queue | Villager (Male) |
| 0:02 | Build | House |
| 0:05 | Build | House |
| 0:26 | Queue | Villager (Male) |
| 0:49 | Build | Settlement |
| 1:08 | Queue | Villager (Male) |
| 2:15 | Queue | Villager (Male) |
| 2:16 | Queue | Villager (Male) |
| 2:30 | Queue | Villager (Male) |
| 3:01 | Queue | Villager (Male) |
| 3:43 | Queue | Villager (Male) |
| 3:57 | Queue | Villager (Male) |
| 4:19 | Build | Barracks |
| 4:25 | Queue | Villager (Male) |
| 4:52 | Build | House |
| 5:12 | Queue | Villager (Male) |
| 5:34 | Queue | Villager (Male) |
| 5:45 | Build | House |
| 6:14 | Queue | Villager (Male) |
| 6:39 | Research | Loom |
| 6:58 | Research | Feudal Age |
| 7:11 | Queue | Unit 2550 |
| 7:28 | Build | Settlement |
| 7:30 | Queue | Villager (Male) |
| 7:35 | Queue | Unit 2550 |
| 8:04 | Queue | Unit 2550 |
| 8:26 | Queue | Villager (Male) |
| 8:46 | Queue | Villager (Male) |
| 9:14 | Age | Feudal Age |
| 9:15 | Build | Settlement |
| 9:19 | Research | Tech 1402 |
| 9:24 | Queue | Villager (Male) |
| 9:30 | Build | Palisade Wall |
| 9:33 | Research | Double-Bit Axe |
| 9:59 | Queue | Spearman |
| 11:11 | Queue | Villager (Male) |
| 11:22 | Queue | Spearman |
| 11:29 | Queue | Villager (Male) |
| 11:40 | Build | Market |
| 11:43 | Build | House |
| 11:44 | Build | House |
| 11:49 | Build | Palisade Wall |
| 11:52 | Queue | Villager (Male) |
| 12:10 | Queue | Villager (Male) |
| 12:16 | Build | House |
| 12:39 | Queue | Spearman |
| 12:48 | Queue | Spearman |
| 13:10 | Queue | Villager (Male) |
| 13:28 | Build | Palisade Wall |
| 13:31 | Build | Palisade Wall |
| 13:40 | Build | Settlement |
| 13:49 | Queue | Villager (Male) |
| 13:49 | Queue | Villager (Male) |
| 14:25 | Queue | Villager (Male) |
| 14:56 | Queue | Villager (Male) |
| 15:16 | Queue | Villager (Male) |
| 15:18 | Build | Settlement |
| 15:26 | Build | Farm |
| 15:27 | Build | Farm |
| 15:27 | Build | Farm |
| 15:27 | Build | Farm |
| 15:36 | Build | Farm |
| 15:36 | Build | Farm |
| 15:36 | Build | Farm |
| 15:40 | Queue | Villager (Male) |
| 16:03 | Build | Archery Range |
| 16:10 | Queue | Villager (Male) |
| 16:45 | Build | Settlement |
| 16:51 | Build | House |
| 17:04 | Research | Castle Age |
| 17:07 | Build | Palisade Wall |
| 17:08 | Queue | Skirmisher |
| 17:09 | Queue | Skirmisher |
| 17:20 | Queue | Villager (Male) |
| 17:37 | Queue | Skirmisher |
| 17:55 | Queue | Skirmisher |
| 18:00 | Build | Blacksmith |
| 18:08 | Queue | Skirmisher |
| 18:14 | Queue | Skirmisher |
| 18:23 | Build | House |
| 18:38 | Queue | Skirmisher |
| 18:54 | Research | Fletching |
| 18:54 | Research | Padded Archer Armor |
| 18:57 | Build | Farm |
| 18:58 | Build | Farm |
| 19:10 | Queue | Skirmisher |
| 19:40 | Queue | Archer |
| 19:40 | Queue | Archer |
| 19:44 | Age | Castle Age |
| 20:00 | Queue | Villager (Male) |
| 20:11 | Research | Elite Skirmisher (upgrade) |
| 20:29 | Queue | Villager (Male) |
| 20:29 | Queue | Villager (Male) |
| 20:31 | Queue | Villager (Male) |
| 20:46 | Queue | Skirmisher |
| 20:46 | Queue | Skirmisher |
| 20:47 | Queue | Skirmisher |
| 21:04 | Queue | Villager (Male) |
| 21:04 | Queue | Villager (Male) |
| 21:15 | Queue | Villager (Male) |
| 21:19 | Build | Siege Workshop |
| 21:38 | Queue | Skirmisher |
| 21:59 | Build | Town Center |
| 22:10 | Queue | Mangonel |
| 22:15 | Queue | Skirmisher |
| 22:53 | Queue | Villager (Male) |
| 22:53 | Queue | Villager (Male) |
| 23:04 | Queue | Villager (Male) |
| 23:05 | Queue | Villager (Male) |
| 23:21 | Queue | Villager (Male) |
| 23:39 | Queue | Skirmisher |
| 23:39 | Queue | Archer |
| 23:40 | Queue | Archer |
| 23:40 | Queue | Archer |
| 23:41 | Queue | Archer |
| 23:58 | Queue | Spearman |
| 23:58 | Queue | Spearman |
| 24:31 | Queue | Villager (Male) |
| 25:05 | Build | Farm |
| 25:05 | Build | Farm |
| 25:06 | Build | Farm |
| 25:06 | Build | Farm |
| 25:06 | Build | Farm |
| 25:09 | Queue | Villager (Male) |
| 25:34 | Queue | Villager (Male) |
| 25:34 | Queue | Villager (Male) |
| 25:34 | Queue | Villager (Male) |
| 25:34 | Queue | Villager (Male) |
| 25:45 | Build | Settlement |
| 25:58 | Build | Palisade Wall |
| 26:03 | Queue | Villager (Male) |
| 26:03 | Queue | Villager (Male) |
| 26:17 | Research | Pikeman (upgrade) |
| 26:17 | Queue | Spearman |
| 26:18 | Queue | Spearman |
| 26:25 | Build | Town Center |
| 26:37 | Build | Archery Range |
| 26:47 | Build | Palisade Wall |
| 27:15 | Queue | Spearman |
| 27:51 | Build | Farm |
| 27:51 | Build | Farm |
| 27:51 | Build | Farm |
| 28:00 | Queue | Villager (Male) |
| 28:00 | Queue | Villager (Male) |
| 28:13 | Build | Farm |
| 28:13 | Build | Farm |
| 28:13 | Build | Farm |
| 28:14 | Build | Farm |
Build order — -Gore-
First 150 of 282 actions detected
| 0:01 | Queue | Villager (Male) |
| 0:01 | Queue | Villager (Male) |
| 0:01 | Queue | Villager (Male) |
| 0:25 | Build | House |
| 0:27 | Build | House |
| 0:30 | Research | Loom |
| 0:41 | Queue | Villager (Male) |
| 0:41 | Queue | Villager (Male) |
| 0:41 | Queue | Villager (Male) |
| 0:41 | Queue | Villager (Male) |
| 1:06 | Build | House |
| 1:24 | Queue | Villager (Male) |
| 1:50 | Queue | Villager (Male) |
| 2:03 | Queue | Villager (Male) |
| 3:01 | Build | Lumber Camp |
| 3:30 | Queue | Villager (Male) |
| 4:26 | Queue | Villager (Male) |
| 4:26 | Queue | Villager (Male) |
| 4:37 | Build | House |
| 4:54 | Queue | Villager (Male) |
| 4:54 | Queue | Villager (Male) |
| 6:17 | Queue | Villager (Male) |
| 6:18 | Queue | Villager (Male) |
| 6:53 | Research | Feudal Age |
| 7:10 | Queue | Villager (Male) |
| 7:30 | Build | House |
| 9:05 | Build | House |
| 9:17 | Age | Feudal Age |
| 9:25 | Build | Stable |
| 9:28 | Build | Stable |
| 9:40 | Queue | Villager (Male) |
| 9:40 | Queue | Villager (Male) |
| 9:51 | Queue | Villager (Male) |
| 10:10 | Queue | Villager (Male) |
| 10:19 | Build | Palisade Wall |
| 10:20 | Build | Palisade Wall |
| 10:27 | Queue | Scout Cavalry |
| 10:27 | Queue | Scout Cavalry |
| 10:27 | Queue | Scout Cavalry |
| 10:28 | Queue | Villager (Male) |
| 10:42 | Build | Palisade Wall |
| 10:49 | Queue | Villager (Male) |
| 11:13 | Queue | Scout Cavalry |
| 11:13 | Queue | Scout Cavalry |
| 11:13 | Queue | Scout Cavalry |
| 11:31 | Build | Lumber Camp |
| 11:40 | Build | Archery Range |
| 11:53 | Build | Palisade Wall |
| 12:04 | Build | House |
| 12:10 | Queue | Villager (Male) |
| 12:19 | Build | Farm |
| 12:23 | Queue | Archer |
| 12:33 | Build | Farm |
| 12:33 | Build | Farm |
| 12:33 | Build | Farm |
| 12:33 | Build | Farm |
| 13:10 | Build | Watch Tower |
| 13:16 | Queue | Archer |
| 13:16 | Queue | Archer |
| 13:33 | Build | Farm |
| 13:33 | Build | Farm |
| 13:34 | Build | Farm |
| 13:34 | Build | Farm |
| 13:34 | Build | Farm |
| 13:42 | Build | Palisade Wall |
| 13:46 | Queue | Villager (Male) |
| 13:52 | Build | House |
| 14:02 | Queue | Archer |
| 14:09 | Build | Mining Camp |
| 14:16 | Queue | Villager (Male) |
| 14:17 | Queue | Villager (Male) |
| 14:23 | Build | Farm |
| 14:32 | Build | House |
| 14:35 | Build | Palisade Wall |
| 14:52 | Queue | Villager (Male) |
| 15:03 | Build | Farm |
| 15:15 | Queue | Archer |
| 15:16 | Queue | Archer |
| 15:18 | Queue | Villager (Male) |
| 15:24 | Build | Farm |
| 15:25 | Queue | Villager (Male) |
| 15:40 | Build | Blacksmith |
| 15:49 | Build | Palisade Wall |
| 15:55 | Queue | Villager (Male) |
| 16:00 | Queue | Archer |
| 16:07 | Queue | Scout Cavalry |
| 16:12 | Build | Farm |
| 16:15 | Build | Farm |
| 16:19 | Build | Farm |
| 16:43 | Queue | Villager (Male) |
| 16:47 | Build | Watch Tower |
| 16:49 | Queue | Villager (Male) |
| 16:55 | Queue | Scout Cavalry |
| 16:56 | Queue | Scout Cavalry |
| 16:58 | Queue | Archer |
| 16:58 | Queue | Archer |
| 17:01 | Build | Farm |
| 17:06 | Queue | Villager (Male) |
| 17:12 | Queue | Villager (Male) |
| 17:26 | Build | Palisade Wall |
| 17:27 | Build | Palisade Wall |
| 17:27 | Build | Palisade Wall |
| 17:28 | Build | Palisade Wall |
| 17:28 | Build | Palisade Wall |
| 17:29 | Build | Palisade Wall |
| 17:30 | Build | Palisade Wall |
| 17:49 | Queue | Villager (Male) |
| 17:51 | Queue | Scout Cavalry |
| 17:52 | Queue | Scout Cavalry |
| 17:57 | Queue | Villager (Male) |
| 18:03 | Build | Farm |
| 18:19 | Queue | Scout Cavalry |
| 18:20 | Queue | Scout Cavalry |
| 18:22 | Build | House |
| 18:24 | Build | House |
| 18:32 | Build | House |
| 18:33 | Build | House |
| 18:43 | Research | Fletching |
| 18:50 | Queue | Villager (Male) |
| 18:54 | Queue | Villager (Male) |
| 18:57 | Build | House |
| 18:59 | Build | Farm |
| 18:59 | Build | Farm |
| 18:59 | Build | Farm |
| 19:01 | Build | Farm |
| 19:01 | Build | Farm |
| 19:01 | Build | Farm |
| 19:17 | Build | Watch Tower |
| 19:21 | Queue | Scout Cavalry |
| 19:21 | Queue | Scout Cavalry |
| 19:23 | Queue | Archer |
| 19:25 | Build | Archery Range |
| 19:44 | Queue | Villager (Male) |
| 19:55 | Research | Scale Barding Armor |
| 20:00 | Queue | Villager (Male) |
| 20:04 | Queue | Scout Cavalry |
| 20:04 | Queue | Scout Cavalry |
| 20:29 | Research | Bloodlines |
| 20:45 | Queue | Scout Cavalry |
| 20:45 | Queue | Scout Cavalry |
| 20:47 | Queue | Archer |
| 20:47 | Queue | Archer |
| 20:56 | Queue | Villager (Male) |
| 21:00 | Build | Farm |
| 21:09 | Build | Palisade Wall |
| 21:10 | Build | Palisade Wall |
| 21:15 | Queue | Archer |
| 21:15 | Queue | Archer |
| 21:16 | Queue | Archer |
| 21:17 | Queue | Villager (Male) |
Match timeline
| 4:19 | [DCNC] Brunin · first_building Barracks |
| 9:14 | [DCNC] Brunin · age_up feudal |
| 9:17 | -Gore- · age_up feudal |
| 9:25 | -Gore- · first_building Stable |
| 9:30 | [DCNC] Brunin · wall_segment Palisade Wall x1 |
| 10:19 | -Gore- · wall_segment Palisade Wall x1 |
| 10:20 | -Gore- · wall_segment Palisade Wall x1 |
| 10:42 | -Gore- · wall_segment Palisade Wall x1 |
| 11:40 | -Gore- · first_building Archery Range |
| 11:49 | [DCNC] Brunin · wall_segment Palisade Wall x1 |
| 11:53 | -Gore- · wall_segment Palisade Wall x6 |
| 13:28 | [DCNC] Brunin · wall_segment Palisade Wall x1 |
| 13:31 | [DCNC] Brunin · wall_segment Palisade Wall x1 |
| 13:42 | -Gore- · wall_segment Palisade Wall x6 |
| 14:11 | [DCNC] Brunin · first_market_buy 100 food |
| 14:35 | -Gore- · wall_segment Palisade Wall x5 |
| 15:49 | -Gore- · wall_segment Palisade Wall x1 |
| 16:03 | [DCNC] Brunin · first_building Archery Range |
| 17:07 | [DCNC] Brunin · wall_segment Palisade Wall x1 |
| 17:26 | -Gore- · wall_segment Palisade Wall x1 |
| 17:27 | -Gore- · wall_segment Palisade Wall x1 |
| 17:27 | -Gore- · wall_segment Palisade Wall x1 |
| 17:28 | -Gore- · wall_segment Palisade Wall x1 |
| 17:28 | -Gore- · wall_segment Palisade Wall x1 |
| 17:29 | -Gore- · wall_segment Palisade Wall x1 |
| 17:30 | -Gore- · wall_segment Palisade Wall x1 |
| 19:44 | [DCNC] Brunin · age_up castle |
| 21:09 | -Gore- · wall_segment Palisade Wall x1 |
| 21:10 | -Gore- · wall_segment Palisade Wall x1 |
| 21:19 | [DCNC] Brunin · first_building Siege Workshop |
| 25:58 | [DCNC] Brunin · wall_segment Palisade Wall x1 |
| 26:47 | [DCNC] Brunin · wall_segment Palisade Wall x7 |
| 28:00 | -Gore- · age_up castle |
| 28:02 | -Gore- · first_building Monastery |
| 28:26 | [DCNC] Brunin · wall_segment Palisade Wall x9 |
| 31:45 | -Gore- · first_market_sell 100 food |
| 32:03 | [DCNC] Brunin · first_market_sell 100 stone |
| 33:27 | -Gore- · first_building Castle |
| 34:52 | [DCNC] Brunin · first_building Castle |
| 35:08 | -Gore- · first_building Siege Workshop |
| 36:37 | [DCNC] Brunin · resign |
[ AI ANALYSIS · 1 CREDIT ]
What really happened in this match?
Wolo.gg analyzes every decision: build order, eco, micro, common mistakes by bracket. Personalized analysis on WhatsApp or Discord in 30 seconds.
Civ guide
Tupi
Perfil
Jugador #3405091